 Dungeon Crawl Stone Soup version 0.28-a0-687-gb91baff9cc (webtiles) character file.

Game seed: 16200905669165812012

50 pokeman the Magician (level 3, -4/20 HPs)
             Began as a Deep Elf Hedge Wizard on Oct 19, 2021.
             Slain by a worm (8 damage)
             ... on level 2 of the Dungeon.
             The game lasted 00:02:31 (1567 turns).

pokeman the Magician (Deep Elf Hedge Wizard)        Turns: 1567, Time: 00:02:32

Health: -4/20      AC:  2    Str:  7    XL:     3   Next: 55%
Magic:  0/11       EV: 12    Int: 19    God:
Gold:   49         SH:  0    Dex: 14    Spells: 1/12 levels left

rFire   . . .      SeeInvis .   g - +0 mace
rCold   . . .      Faith    .   (no shield)
rNeg    . . .      Spirit   .   b - +0 robe
rPois   .          Reflect  .   c - +0 hat
rElec   .          Harm     .   (no cloak)
rCorr   .          Rampage  .   (no gloves)
Will    .....                   (no boots)
Stlth   ++........              (no amulet)
HPRegen 0.06/turn               (no ring)
MPRegen 0.12/turn               (no ring)

@: very slightly contaminated
A: no striking features
a: no special abilities


You were on level 2 of the Dungeon.
You visited 1 branch of the dungeon, and saw 2 of its levels.

You collected 49 gold pieces.

Inventory:

Hand Weapons
 g - a +0 mace (weapon)
Missiles
 f - 24 bolts
Armour
 b - a +0 robe (worn)
 c - a +0 hat (worn)
Scrolls
 h - a scroll of fog {unknown}
Potions
 a - a potion of haste {unknown}
 d - a potion of heal wounds {unknown}
 e - a potion of might {unknown}
 i - a potion of curing {unknown}


   Skills:
 - Level 1.0 Fighting
 + Level 0.9 Armour
 + Level 2.4 Dodging
 - Level 2.4 Stealth
 * Level 5.3 Spellcasting
 + Level 1.9 Conjurations
 - Level 1.1 Summonings
 - Level 1.1 Translocations


You had one spell level left.
You knew the following spells:

 Your Spells              Type           Power      Damage    Failure   Level
a - Magic Dart            Conj           48%        1d5       5%          1
b - Mephitic Cloud        Conj/Pois/Air  7%         N/A       28%         3
c - Call Imp              Summ           9%         N/A       12%         2
d - Blink                 Tloc           N/A        N/A       12%         2
e - Conjure Flame         Conj/Fire      8%         6-21      24%         3

Your spell library contained the following spells:

 Spells                   Type           Power      Damage    Failure   Level
 Slow                     Hex            5%         N/A       19%         2


Dungeon Overview and Level Annotations

Branches:
Dungeon (2/15)

Altars:


Message History

The spell is extremely dangerous to cast (24% risk of failure)!
Continue anyway?
You miscast Conjure Flame.
You are very lightly contaminated with residual magic.
Nothing appears to happen.
Casting: Conjure Flame (extremely dangerous; 24% risk of failure)
Confirm with . or Enter, or press ? or * to list all spells.
The spell is extremely dangerous to cast (24% risk of failure)!
Continue anyway?
The fire begins to smoulder!
The fire ignites!
Casting: Conjure Flame (extremely dangerous; 24% risk of failure)
Confirm with . or Enter, or press ? or * to list all spells.
The spell is potentially lethal to cast (28% risk of failure)!
Continue anyway?
Aiming: Mephitic Cloud (potentially lethal; 28% risk of failure)
Press: ? - help, Shift-Dir - straight line, f/p - worm
Aim: a worm (chance to affect: 81%)
You miscast Mephitic Cloud.
You are caught in an explosion of electrical discharges!
Unknown command.
Casting: Mephitic Cloud (potentially lethal; 28% risk of failure)
Confirm with . or Enter, or press ? or * to list all spells.
The spell is potentially lethal to cast (28% risk of failure)!
Continue anyway?
Aiming: Mephitic Cloud (potentially lethal; 28% risk of failure)
Press: ? - help, Shift-Dir - straight line, f/p - worm
Aim: a worm (chance to affect: 81%)
The ball explodes into a vile cloud!
The stinking cloud engulfs the worm but does no damage.
Unknown command.
Unknown command.
The worm is engulfed in noxious fumes.
The worm bites you!
Ouch! That really hurt!
* * * LOW HITPOINT WARNING * * *
You barely miss the worm.
The worm is lightly wounded.
The worm is engulfed in noxious fumes.
The worm appears confused.
You catch the helpless worm completely off-guard!
You hit the worm.
The worm is moderately wounded.
The worm is engulfed in noxious fumes.
The worm appears confused.
The worm bites you!
You die...

#.#.......#.#
#.#.......#.#
#.#......<#.#
#.#.......#.#
###.###.....#.#
#.....'.....#.#
#######.....#.#
#######.##########
#..@w°......
#####...#### ...#
...# .w.# ...#
####


You could see a worm (confused).

Vanquished Creatures
  4 dart slugs (D:1)
  2 bats (D:1)
  3 endoplasms (D:1)
  A giant cockroach (D:1)
  3 goblins (D:1)
  10 jackals (D:1)
  A kobold (D:1)
  A quokka (D:1)
  7 ball pythons (D:1)
  A frilled lizard (D:1)
  2 rats
35 creatures vanquished.

Notes
Turn   | Place    | Note
-------+----------+-------------------------------------------
     0 | D:1      | pokeman the Deep Elf Hedge Wizard began the quest for the
                  | Orb.
     0 | D:1      | Reached XP level 1. HP: 10/10 MP: 7/7
   193 | D:1      | Reached XP level 2. HP: 10/16 MP: 3/9
   614 | D:1      | Reached skill level 5 in Spellcasting
   734 | D:1      | Reached XP level 3. HP: 20/20 MP: 4/11
   752 | D:1      | Learned a level 3 spell: Mephitic Cloud
   755 | D:1      | Learned a level 2 spell: Call Imp
   758 | D:1      | Learned a level 2 spell: Blink
   762 | D:1      | Learned a level 3 spell: Conjure Flame
  1286 | D:1      | Reached skill level 1 in Fighting
  1567 | D:2      | Slain by a worm

Illustrated notes

Levels and vault maps discovered:
D:1:      lemuel_arrival_tunnels, layout_basic, kennysheep_decorative_pillar
D:2:      layout_basic, serial_shops, nicolae_shop_behind_doors,
          minmay_worlds_worst_comb, uniq_sigmund

Skill      XL: |  1  2  3 |
---------------+----------+-----
Spellcasting   | 5 |  5.3
Fighting       | 1 |  1.0
Armour         | |  0.9
Dodging        | |  2.4
Stealth        | |  2.4
Conjurations   | |  1.9
Summonings     | |  1.1
Translocations | |  1.1

Action                   || total
-------------------------++-------
Melee: Dagger            ||     1
       Mace              ||     9
 Cast: Magic Dart        ||    88
       Conjure Flame     ||     1
       Mephitic Cloud    ||     1
 Stab: Confused          ||     1
Armor: Robe              ||     3
Dodge: Dodged            ||    23

Table legend: (Time is in decaauts)
 A = Elapsed time spent in this place.
 B = Non-inter-level travel time spent in this place.
 C = Inter-level travel time spent in this place.
 D = Time resting spent in this place.
 E = Time spent auto-exploring this place.
 F = Levels seen in this place.
 G = Mean time per level.
                   A        B        C        D        E       F      G
               +--------+--------+--------+--------+--------+-----+--------+
         Total |   1569 |   1562 |      7 |    200 |   1130 |   2 |  784.5 |
       Dungeon |   1569 |   1562 |      7 |    200 |   1130 |   2 |  784.5 |
               +--------+--------+--------+--------+--------+-----+--------+

Top non-repeatable levels by time:
     D:1: 1468 daAuts
     D:2: 100 daAuts
